 Dungeon Crawl Stone Soup version 0.23.2-1-ga50397a (webtiles) character file.

Game seed: 14915379150769349431

30 IBeShadow the Firebug (level 3, -3/28 HPs)
             Began as a Draconian Fire Elementalist on May 31, 2019.
             Slain by a kobold
             ... wielding a +2 short sword of venom
              (5 damage)
             ... on level 2 of the Dungeon.
             The game lasted 00:03:06 (1874 turns).

IBeShadow the Firebug (Draconian Fire Elementalist) Turns: 1874, Time: 00:03:07

Health: -3/28      AC:  5    Str: 10    XL:     3   Next: 3%
Magic:  6/6        EV: 12    Int: 16    God:
Gold:   37         SH:  0    Dex: 11    Spells: 3/6 levels left

rFire    . . .     SeeInvis .   h - +0 short sword
rCold    . . .     Gourm    .   (no shield)
rNeg     . . .     Faith    .   (armour unavailable)
rPois    .         Spirit   .   (helmet restricted)
rElec    .         Reflect  .   (no cloak)
rCorr    .         Harm     .   (no gloves)
MR       .....                  (no boots)
Stlth    +.........             (no amulet)
HPRegen  0.09/turn              g - ring of attention (curse)
MPRegen  0.10/turn              (no ring)

@: lethally poisoned (-3 -> -10)
A: unfitting armour, cold-blooded, AC +5
a: no special abilities


You were on level 2 of the Dungeon.
You were hungry.

You visited 1 branch of the dungeon, and saw 2 of its levels.

You collected 37 gold pieces.

Inventory:

Hand Weapons
 a - a +0 quarterstaff
 h - a +0 short sword (weapon)
Jewellery
 g - a cursed ring of attention (left hand)
Scrolls
 e - 3 scrolls of teleportation {unknown}
 f - 2 scrolls of identify {unknown}
Comestibles
 b - 4 rations


   Skills:
 + Level 1.5 Fighting
 - Level 1.7 Dodging
 - Level 1.7 Stealth
 - Level 2.0 Spellcasting
 + Level 1.9 Conjurations
 + Level 3.3 Fire Magic


You had 3 spell levels left.
You knew the following spells:

 Your Spells              Type           Power        Failure   Level  Hunger
a - Flame Tongue          Conj/Fire      ##...        7%          1    #......
b - Throw Flame           Conj/Fire      ##....       11%         2    ###....

Your spell library contained the following spells:

 Spells                   Type           Power        Failure   Level  Hunger
 Conjure Flame            Conj/Fire      ##......     21%         3    ###....
 Inner Flame              Hex/Fire       #.......     30%         3    ###....
 Sticky Flame             Conj/Fire      ##......     56%         4    #####..
 Fireball                 Conj/Fire      ##........   88%         5    ######.


Dungeon Overview and Level Annotations

Branches:
Dungeon (2/15)

Altars:


Innate Abilities, Weirdness & Mutations

Your plain brown scales are hard. (AC +5)
You cannot fit into any form of body armour.
You are cold-blooded and may be slowed by cold attacks.


Message History

The kobold throws a stone.
The stone barely misses you. The rat closely misses you.
* * * LOW HITPOINT WARNING * * *
You feel sick. The bat closely misses you.
The kobold throws a stone.
The stone barely misses you. The bat hits you but does no damage.
* * * LOW HITPOINT WARNING * * *
You feel sick. The bat misses you.
* * * LOW HITPOINT WARNING * * *
You feel sick. The bat barely misses you. The bat barely misses you.
The rat completely misses you.
You hit the kobold.
The kobold is moderately wounded.
* * * LOW HITPOINT WARNING * * *
You feel sick. The bat misses you. The rat barely misses you.
You hit the kobold.
The kobold is heavily wounded.
The bat hits you but does no damage.
The kobold hits you with a +2 short sword of venom.
You die...

########..##..(.<†....
#.........#..(...)....
#.........#.K..(....?.
#.........#...?.......
#...<.....#...........
#.......w.....$.......
#........(#...........
#....bK...##..........
#...r@K...###.........
#........(# ###.......
########### .... ...


You could see a worm, a bat, 2 kobolds and a rat.

Vanquished Creatures
  A leopard gecko (D:1)
  A giant cockroach (D:1)
  4 goblins (D:1)
  4 hobgoblins (D:1)
  3 jackals (D:1)
  2 bats (D:1)
  A frilled lizard (D:1)
  4 kobolds
  7 rats
27 creatures vanquished.

Notes
Turn   | Place    | Note
-------+----------+-------------------------------------------
     0 | D:1      | IBeShadow the Draconian Fire Elementalist began the quest
                  | for the Orb.
     0 | D:1      | Reached XP level 1. HP: 14/14 MP: 3/3
   245 | D:1      | Reached skill level 1 in Fighting
   245 | D:1      | Reached XP level 2. HP: 15/23 MP: 1/5
   394 | D:1      | Learned a level 2 spell: Throw Flame
  1494 | D:1      | Reached XP level 3. HP: 17/28 MP: 6/6
  1873 | D:2      | HP: 1/28 [poisoned by a kobold]
  1874 | D:2      | Slain by a kobold

Skill      XL: |  1 |
---------------+----+-----
Fighting       | 1 |  1.5
Dodging        | |  1.7
Stealth        | |  1.7
Spellcasting   | |  2.0
Conjurations   | |  1.9
Fire Magic     | |  3.3

Action                   || total
-------------------------++-------
Melee: Club              ||    85
       Tailslap          ||     7
       Unarmed           ||     3
       Short sword       ||     5
 Cast: Flame Tongue      ||    23
       Throw Flame       ||     2
  Use: Potion            ||     1
  Eat: Chunk             ||     3
Armor: Skin              ||    56
Dodge: Dodged            ||   113
